 Dungeon Crawl Stone Soup version 0.31-b1-18-g61460d1e46 (webtiles) character file.

Game seed: 4731630257289103100

9 Esekla the Sneak (level 2, -9/21 HPs)
             Began as an Octopode Delver on Jan 16, 2024.
             Killed by divine providence
             ... invoked by an orc priest
              (16 damage)
             ... on level 5 of the Dungeon.
             The game lasted 00:01:38 (118 turns).

Esekla the Sneak (Octopode Delver)                   Turns: 118, Time: 00:01:38

Health: -9/21      AC:  1    Str: 11    XL:     2   Next: 12%
Magic:  2/2        EV: 13    Int: 12    God:
Gold:   17         SH:  0    Dex: 13    Spells: 1/1 levels left

rFire   . . .        a - +0 falchion
rCold   . . .        (no shield)
rNeg    . . .        (helmet restricted)
rPois   .            (no amulet)
rElec   .            (no ring)
rCorr   .            (no ring)
SInv    .            (no ring)
Will    .....        (no ring)
Stlth   ++++         (no ring)
HPRegen 0.23/turn    (no ring)
MPRegen 0.08/turn    (no ring)
                     (no ring)

%: no passive effects
@: marked
A: almost no armour, amphibious, 8 rings, camouflage 1, gelatinous body 1,
(nimble swimmer 1), tentacles
a: no special abilities


You were on level 5 of the Dungeon.
You visited 1 branch of the dungeon, and saw 1 of its levels.

You collected 17 gold pieces.

Inventory:

Hand Weapons
 a - a +0 falchion (weapon)
Wands
 f - a wand of digging (3)
 h - a wand of iceblast (14)
Scrolls
 b - a scroll of fog
Potions
 c - a potion of degeneration {unknown}
 e - a potion of haste


   Skills:
 * Level 3.1 Fighting
 * Level 2.1 Long Blades
 * Level 2.1 Dodging
 + Level 6.8 Stealth
 * Level 0.2 Spellcasting


You had one spell level left.
You didn't know any spells.
Your spell library contained the following spells:

 Spells                   Type           Power      Damage    Failure   Level
 Call Imp                 Summ           0%         N/A       45%         2
 Sublimation of Blood     Necr           0%         N/A       45%         2
 Summon Hydra             Summ           0%         N/A       100%        7


Dungeon Overview and Level Annotations

Branches:
Dungeon (5/15)             Temple (0/1) D:5

Altars:

Annotations:
D:5 Eustachio


Innate Abilities, Weirdness & Mutations

You cannot wear most types of armour.
You are amphibious.
You can wear up to eight rings at the same time.
Your skin changes colour to match your surroundings (Stealth+).
Your rubbery body absorbs attacks. (AC +1, EV +1)
((You are camouflaged when in or above water. (Stealth+)))
You have tentacles for arms and can constrict up to eight enemies at once.


Message History

Eustachio blinks!
A malevolent force fills the Dungeon...
With a horrendous wail, an alarm goes off!
A sentinel's mark forms upon you.
The hound barks!
You hear a shout! x11; You hear an angry hiss.
Something shouts, "Scamper home, thou fawning dismal-dreaming serf!"
You hear a bark!
An ice beast comes into view.
A gnoll comes into view. It is wielding a +0 spear.
The hound attacks as it pursues you! The hound bites you.
A gnoll comes into view. It is wielding a +0 flail.
The hound misses you.
A gnoll bouda comes into view. It is wielding a +2 whip of freezing.
The gnoll barely misses you. The hound attacks as it pursues you!
The hound closely misses you.
You see here 9 stones.
A gnoll comes into view. It is wielding a +0 flail.
Found a staircase to the Ecumenical Temple.
The gnoll bouda barks out a call to the hunt!
The gnolls pick up the pace!
A gnoll comes into view. It is wielding a +0 flail.
The gnoll closely misses you. The ice beast misses you. The gnoll misses you.
The gnoll moves out of view.
Found 6 gold pieces.
The hound bites you. The gnoll closely misses you.
The hound attacks as it pursues you! The hound bites you.
* * * LOW HITPOINT WARNING * * *
The gnoll closely misses you.
As you read the scroll of fear, it crumbles to dust.
You assume a fearsome visage.
Eustachio looks frightened!
The hound looks frightened!
The gnoll bouda looks frightened!
The gnoll looks frightened! x2; The ice beast looks frightened!
Eustachio casts a spell.
Eustachio blinks!
An orc and an orc priest come into view.
The orc priest is wielding a +0 dagger of venom.
An orc wizard comes into view. It is wielding a +0 dagger.
The orc priest calls down the wrath of Beogh upon you.
Beogh smites you!
Ouch! That really hurt!
You die...

********,,,,,,,,,,,,,,*
,,,,,,,,,*##.##.##.##.#
,,,,,***,.#.........#.* ,,,,,*
**............,* ,,,,,*
**#..⌠...⌠..#** ...,,*
*###.........### ..#***
*,......>.$....# ..#
*,*#.........#,*********
..##****.##..⌠..@⌠..#...,,,,,,*
...,,,,,......^.......#,,,,,,,*
..#******##.....g...###,,,,,,,*
..# ###.##.##g####.,,,,,,* ..#
##...#...#.o....,,,,,,* ..#
##..........#o#*,,,,,,,* ..#
#.........gg#...,,,,,,,* .##
#...(.......#*#..,,,,,,* ##
#......Y..g.# *o#*,,****


You could see an orc priest, 2 gnolls and an orc.

Vanquished Creatures
  An adder (D:5)
1 creature vanquished.

Notes
Turn   | Place    | Note
-------+----------+-------------------------------------------
     0 | D:5      | Esekla the Octopode Delver began the quest for the Orb.
     0 | D:5      | Reached XP level 1. HP: 16/16 MP: 1/1
    59 | D:5      | Reached XP level 2. HP: 18/21 MP: 2/2
    95 | D:5      | Noticed Eustachio
   107 | D:5      | Noticed an ice beast
   112 | D:5      | Found a staircase to the Ecumenical Temple.
   118 | D:5      | Killed from afar by an orc priest

Illustrated notes

Levels and vault maps discovered:
D:5:      layout_rooms, minmay_temple_entry_large_hall, uniq_eustachio

Action                     || total
---------------------------++-------
  Melee: Falchion          ||     4
    Use: Scroll            ||     2
         Potion            ||     1
 Armour: Skin              ||     7
  Dodge: Dodged            ||    10
